Cogmind - Beta 13 *** ADVENTURER MODE // 2024.05.26 @ 19:11:18 Player: Blade Result: Destroyed self via exploding Fusion Modulator Performance ------------- Evolutions (0) 0 Regions Visited (1) 200 Robots Destroyed (85) 425 Value Destroyed (1316) 1316 Prototype IDs (3) 60 Alien Tech Used (0) 0 Bonus (0) 0 TOTAL SCORE: 2001 Bonus ------- None Cogmind --------- Core Integrity 0/250 Matter 291/300 Energy 205/250 System Corruption 2% Temperature Cool (12) Movement Walking (120) Location -10/Materials Parts ------- > --- POWER (1) -------- Ion Engine > --- PROPULSION (2) --- Aluminum Leg Aluminum Leg > --- UTILITY (2) ------ Visual Processing Unit Sensor Array > --- WEAPON (2) ------- EM Pulse Gun (fused) Welding Torch > --- INVENTORY (5) ---- Ion Engine Light Treads Aluminum Leg Wheel Compact Wheel Peak State ------------ > --- POWER ------------ Ion Engine > --- PROPULSION ------- Aluminum Leg Aluminum Leg > --- UTILITY ---------- Visual Processing Unit Sensor Array > --- WEAPON ----------- Assault Rifle Light Assault Rifle > --- INVENTORY -------- Ion Engine Light Treads Aluminum Leg Wheel Compact Wheel [Rating: 8] Favorites ----------- Power Ion Engine Engine Ion Engine Propulsion Aluminum Leg Treads Light Treads Leg Aluminum Leg Utility Sensor Array Device Sensor Array Storage Small Storage Unit Processor Visual Processing Unit Weapon Light Cannon Energy Gun Medium Laser Ballistic Gun Assault Rifle Ballistic Cannon Light Cannon Special Weapon Welding Torch Build | -11 -10 ------- Run | Yrd Mat Slots Evolved . | . . Power . | . . Propulsion . | . . Utility . | . . Weapon . | . . Parts Attached 22 | . 22 Power 3 | . 3 Engine 3 | . 3 Core . | . . Reactor . | . . Propulsion 10 | . 10 Treads 3 | . 3 Leg 7 | . 7 Wheel . | . . Hover . | . . Flight . | . . Utility 2 | . 2 Device 1 | . 1 Storage . | . . Processor 1 | . 1 Hackware . | . . Protection . | . . Artifact . | . . Weapon 7 | . 7 Energy Gun 4 | . 4 Energy Cannon . | . . Ballistic Gun 1 | . 1 Ballistic Cannon 1 | . 1 Launcher . | . . Special Weapon 1 | . 1 Impact Weapon . | . . Slashing Weapon . | . . Piercing Weapon . | . . Special Melee Weapon . | . . Unidentified Prototypes . | . . Corrupted Parts 1 | . 1 System Corruption 1 | . 1 Parts Lost 4 | . 4 Power 1 | . 1 Propulsion 1 | . 1 Utility . | . . Weapon 2 | . 2 Highest Loss Streak 2 | . 2 To Critical Strikes . | . . Average Slot Usage (%) 99 | . 99 Engine 13 | . 13 Treads 9 | . 9 Leg 18 | . 18 Device 13 | . 13 Processor 13 | . 13 Energy Gun 15 | . 15 Ballistic Gun 1 | . 1 Ballistic Cannon 10 | . 10 Naked Turns . | . . Heaviest Build 14 | 11 14 Greatest Support 40 | 20 40 Greatest Overweight (x) 1 | . 1 Average Overweight (x) . | . . Largest Inventory Capacity 8 | 8 8 Average Capacity 5 | 8 5 Most Carried 6 | 6 6 Average Carried 5 | 6 5 Final Capacity 8 | 8 5 Final Carried 6 | 6 5 Class Distribution -------------------- 60% | Scavenger-Mutant 39% | Mutant Dominant Class ---------------- Scavenger-Mutant | -10/Materials Resources | -11 -10 ----------- Run | Yrd Mat Matter Collected 1910 | 200 1710 Remotely . | . . Salvage Created 3458 | . 3458 Parts 230 | . 230 Haulers Intercepted 2 | . 2 Recyclers Shooed 6 | . 6 Parts Field Recycled . | . . Retrieved Matter . | . . Parts Self-Destructed . | . . Prevented . | . . Kills | -11 -10 ------- Run | Yrd Mat Combat Hostiles Destroyed 30 | . 30 Guns 16 | . 16 Cannons 14 | . 14 Classes Destroyed 8 | . 8 Worker 40 | . 40 Builder 29 | . 29 Tunneler 3 | . 3 Hauler 2 | . 2 Recycler 11 | . 11 Watcher 3 | . 3 Swarmer 5 | . 5 Grunt 25 | . 25 Best Kill Streak 7 | . 7 Combat Bots Only 3 | . 3 Max Kills in Single Turn 2 | . 2 Gunslinging . | . . Exploded . | . . Melee . | . . Uniques/NPCs Destroyed . | . . Combat | -11 -10 -------- Run | Yrd Mat Hostile Shots Fired 140 | . 140 Missed 41 | . 41 Damage Taken 1047 | . 1047 Core 300 | . 300 Absorbed by Shields . | . . Ignored by Resistances 314 | . 314 Core Remaining (%) 100 | 100 . Volleys Fired 482 | . 482 Largest 2 | . 2 Hottest 100 | . 100 Shots Fired 878 | . 878 Gun 551 | . 551 Cannon 320 | . 320 Launcher . | . . Special 7 | . 7 Kinetic 393 | . 393 Thermal 251 | . 251 Explosive . | . . Electromagnetic 234 | . 234 Robot Hit Streak 31 | . 31 Robot Miss Streak 3 | . 3 Penetration Max . | . . Secondary Targets 1 | . 1 Max Gunslinging Chain 1 | . 1 Shots Hit Robots 360 | . 360 Core Hits 144 | . 144 Critical Kills . | . . Critical Parts Destroyed . | . . Critical Strikes 18 | . 18 Burn 9 | . 9 Blast 7 | . 7 Corrupt 2 | . 2 Melee Attacks . | . . Impact . | . . Slashing . | . . Piercing . | . . Sneak Attacks . | . . Combat Hostiles . | . . Follow-up Attacks . | . . Damage Inflicted 5217 | . 5217 Guns 2917 | . 2917 Cannons 1984 | . 1984 Explosions 314 | . 314 Melee . | . . Ramming 2 | . 2 Kinetic 2557 | . 2557 Thermal 1804 | . 1804 Explosive . | . . Electromagnetic 854 | . 854 Impact . | . . Slashing . | . . Piercing . | . . Highest Corruption 2 | . 2 Average Corruption 1 | . 1 Corruption Purged . | . . Corruption Blocked . | . . Effects 55 | . 55 Message Errors 10 | . 10 Matter Fused 15 | . 15 Heat Flow Errors 3 | . 3 Energy Discharges 6 | . 6 Parts Fused 2 | . 2 Data Loss (minor) 9 | . 9 Data Loss (major) 4 | . 4 Misfires 2 | . 2 Alerts 1 | . 1 Weapon Failures 3 | . 3 Overload Shots . | . . Overflow Damage 50 | . 50 Projectiles 34 | . 34 Explosions 16 | . 16 Melee . | . . Knockbacks 34 | . 34 Impact . | . . Kinetic 30 | . 30 Secondary 4 | . 4 Self-Inflicted Damage 209 | . 209 Shots 4 | . 4 Rammed 2 | . 2 Targets Rammed 2 | . 2 Kicked . | . . Crushed . | . . Highest Temperature 312 | . 312 Average Temperature 70 | . 70 Received Heat Transfer 528 | . 528 Effects 3 | . 3 Interference 3 | . 3 Siege Activations . | . . Robots Corrupted . | . . Combat Hostiles . | . . Parts Fried 2 | . 2 Impact Corruptions . | . . Robots Melted . | . . Combat Hostiles . | . . Parts Melted 7 | . 7 Heat Transferred 5373 | . 5373 Parts Sabotaged . | . . Parts Stolen . | . . Parts Stripped . | . . Power Chain Reactions 7 | . 7 Alert | -11 -10 ------- Run | Yrd Mat Peak Influence 274 | . 274 Initial . | . . Average 44 | . 44 Maximum Alert Level 1 | . 1 Low Security (%) 97 | 100 97 Level 1 2 | . 2 Level 2 . | . . Level 3 . | . . Level 4 . | . . Level 5 . | . . High Security . | . . Max Security . | . . Squads Dispatched 10 | . 10 Investigation 10 | . 10 Extermination . | . . Reinforcement . | . . Assault . | . . Garrison . | . . Intercept . | . . Searches Triggered . | . . Construction Impeded . | . . Haulers Reinforced . | . . Active Scanning Responses . | . . Cargo Convoy Interrupts . | . . Stealth | -11 -10 --------- Run | Yrd Mat Distress Signals 2 | . 2 Communications Jammed . | . . Distress Signals . | . . Times Spotted 38 | . 38 Peak Tracking Total 5 | . 5 Tactical Retreats . | . . Traps | -11 -10 ------- Run | Yrd Mat Traps Triggered 3 | . 3 Indirectly . | . . Trap Hack Attempts . | . . Triggered . | . . Disarmed . | . . Reprogrammed 1 | . 1 Reused . | . . Traps Extracted . | . . Installed . | . . Triggered . | . . Machines | -11 -10 ---------- Run | Yrd Mat Machines Disabled 31 | . 31 Max in Single Turn 2 | . 2 Machines Repaired . | . . Machines Dismantled . | . . Machines Sabotaged . | . . Overloaded Fab Kills . | . . Hacking | -11 -10 --------- Run | Yrd Mat Machines Accessed 10 | . 10 Terminals 8 | . 8 Fabricators . | . . Repair Stations . | . . Recycling Units 2 | . 2 Scanalyzers . | . . Garrison Access . | . . Total Hacks 49 | . 49 Successful 27 | . 27 Failed 22 | . 22 Catastrophic 2 | . 2 Database Lockouts . | . . Manual 3 | . 3 Terminals 44 | . 44 Fabricators . | . . Repair Stations . | . . Recycling Units 5 | . 5 Scanalyzers . | . . Garrison Access . | . . Terminal Hacks 24 | . 24 Record 6 | . 6 Prototype ID Bank 2 | . 2 Branch Access Points 1 | . 1 Alert Level 7 | . 7 Reprogram Traps 1 | . 1 Dispatch Records 1 | . 1 Patrol Status 1 | . 1 Hauler Manifests 3 | . 3 Registered Components 1 | . 1 Registered Prototypes 1 | . 1 Fabricator Hacks . | . . Repair Station Hacks . | . . Recycling Unit Hacks 3 | . 3 Retrieve Matter 2 | . 2 Retrieve Components 1 | . 1 Scanalyzer . | . . Garrison Access Hacks . | . . Unauthorized Hacks . | . . Terminals . | . . Fabricators . | . . Repair Stations . | . . Recycling Units . | . . Scanalyzers . | . . Garrison Access . | . . Data Cores Recovered . | . . Used . | . . Hacking Detections 9 | . 9 Full Trace Events 9 | . 9 Feedback Events 1 | . 1 Corruption 1 | . 1 Feedback Blocked . | . . Robot Schematics Acquired . | . . Robots Built . | . . Authchips . | . . Time . | . . Total Robot Build Rating . | . . Part Schematics Acquired . | . . Parts Built . | . . Authchips . | . . Time . | . . Total Part Build Rating . | . . Parts Repaired . | . . Time . | . . Parts Recycled . | . . Recycled Matter . | . . Retrieved Matter 23 | . 23 Retrieved Components 2 | . 2 Parts Scanalyzed . | . . Part Schematics Acquired . | . . Parts Damaged . | . . Bothacking | -11 -10 ------------ Run | Yrd Mat Used RIF Installer . | . . Robots Hacked . | . . Non-combat . | . . Combat . | . . Robot Hacks Applied . | . . Relay Couplers Released . | . . Fabnet Peak Effective % . | . . Robots Rewired . | . . Allies Hacked . | . . Hacks Repelled . | . . Allies | -11 -10 -------- Run | Yrd Mat Total Allies . | . . Largest Group . | . . Highest-Rated Group . | . . Highest-Rated Ally . | . . Total Orders . | . . Ally Attacks . | . . Total Damage . | . . Kills . | . . Allies Corrupted . | . . Allies Melted . | . . Intel | -11 -10 ------- Run | Yrd Mat Robot Analysis Total . | . . Derelict Logs Recovered . | . . Drone Launches . | . . Drone Recoveries . | . . Exploration | -11 -10 ------------- Run | Yrd Mat Turns Passed 7795 | 2 7793 Spaces Moved 4008 | 2 4006 Core . | . . Treads 1264 | . 1264 Legs 2744 | 2 2742 Wheels . | . . Hover . | . . Flight . | . . Fastest Speed 120 | 120 120 Average Speed 132 | 120 132 Slowest Speed 190 | 120 190 Overloaded Moves . | . . Propulsion Burnouts . | . . Robots Hopped . | . . Cave-ins Triggered . | . . Exploration Rate (%) 49 | 2 97 Regions Visited 1 Branch Regions . Pre-discovered Areas . | . . Known Exits Taken . | . . Unknown Exits Taken 1 | 1 . Scrap Searched . | . . Spaces Dug . | . . Terrain Destroyed 133 | . 133 Melee . | . . Projectile . | . . AOE 133 | . 133 Terrain Rammed . | . . Walls Destroyed . | . . Machines Disabled . | . . Actions | -11 -10 --------- Run | Yrd Mat Total 5606 | 1 5605 Wait 1077 | . 1077 Move 4007 | 1 4006 Hop . | . . Pick Up . | . . Fast Attach 13 | . 13 Attach 1 | . 1 Detach . | . . Swap 8 | . 8 Drop 16 | . 16 Fire 482 | . 482 Melee . | . . Ram . | . . Kick . | . . Crush 2 | . 2 Escape Stasis . | . . Rewire . | . . Trap . | . . Miscellaneous . | . . Route ------- -11/Scrapyard -10/Materials (discovered 4 exits: [*Mat x3] / *Min) History --------- Turn | Location | Event 1 | -11/Scrapyard | Discovered new exit (range 1) 3 | -11/Scrapyard | Entered Materials 303 | -10/Materials | Discovered new exit (range 17) 307 | -10/Materials | Build established: Mutant 367 | -10/Materials | Discovered new exit (range 18) 535 | -10/Materials | Discovered new exit (range 7) 681 | -10/Materials | Build established: Scavenger-Mutant 867 | -10/Materials | Discovered new exit (range 18) 1229 | -10/Materials | Build established: Mutant 1292 | -10/Materials | Core integrity fell below 50% 3588 | -10/Materials | Identified exit to Mines 3993 | -10/Materials | Build established: Scavenger-Mutant 4507 | -10/Materials | Core integrity fell below 20% 7796 | -10/Materials | Destroyed self via exploding Fusion Modulator Last Messages --------------- into recycling unit. 07467_ Recycling unit begins recycling process. 07469_ R-06 Scavenger inserts Wheel into recycling unit. 07472_ R-06 Scavenger inserts Terrain Scanner into recycling unit. 07473_ Recycling unit begins recycling process. 07482_ R-06 Scavenger collects Wheel. 07488_ System corrupted: Component data lost. 07574_ System corrupted: Heat flow error (+216). 07635_ System corrupted: Matter fused (-10). 07635_ Acquired 10 matter. 07655_ System corrupted: FCS attempts to trigger EM Pulse Gun. 07655_ System corrupted: EM Pulse Gun misfires. 07687_ U-05 Engineer destroyed. 07722_ System corrupted: Matter fused (-5). 07722_ Acquired 5 matter. 07775_ System corrupted: Matter fused (-9). 07796_ Fusion Modulator explodes. Map ----- +----------------------------------------------------+ | ?# ## """ #???# #????? | | ?# ## " " #???## % #####+## #????? | | ## % ## #????# ##! # #????? | | #####+######## ## # #????? | | % ## # #????? | | % %## # #????? | | ""% % ## # #????? | | "Y % ## # ####?? | | #%!""%% " ##! # # #?? | | #=*! % % %! "" ######## # ##? | | # %" "" #?# ####+###### | | # % " " "" "" #?# # # # | | # % """ """ #?# #! # # | | # %% #?# # # # | | # % < #??## # # | | # "" "" "" #??##! ##? | | # """ "" " """ ##################? | | #% """"" " "" """"" # # ##?? | | #% """"" """"" """"" # #??#??? | | # "" """ """ # #?????? | | # # #?????? | | # # #?????? | | # #?????? | | ################;;;; #?????? | | # = ####;;;;;#+##########????? | | ###### "" # @ # #????? | | ???# # *R" # ! ; # """ #????? | | ???### * !" # ; # "T" / #????? | | ????## # # # #????? | | ????## # # # #????? | | ????## ######### # """ #????? | | #########+################ + [ """ #????? | | # + # """ #????? | | # # # #????? | | % % # """"" # ###+######????? | | % = # """"" + #########? | | % =%* #? """"" # # #? | | ! #?##########+## % + !!#? | | #????????### ## # ! #? | | ""%"" ##########%% # ####+####? | | """"" %% % % % % % % % #???? | | %"""% % % #???? | | %"""" ###########% #######+## #???? | | """"" # # #??##+#### # #???? | | """"" # ##????????# """ "# #???? | | """"" ##########??????# """ T####???? | | # #??????# """ "#??????? | | + #??????# """ #??????? | | # #??????# """ ! #??????? | | % # #??????# #??????? | +----------------------------------------------------+ Best States ------------- Heat Dissipation 25 Energy Generation 10 Energy Capacity 250 Matter Stores 300 Matter Capacity 300 Sight Range 18 Robot Scan Range 14 Terrain Scan Density 10 Resistance: KI 20 Resistance: TH 20 Resistance: EX 20 Resistance: EM 20 Resistance: I 20 Resistance: S 20 Resistance: P 20 Evasion (%) 55 Recoil Reduction 2 Offensive Hacking 10 Item Schematics ----------------- None Robot Schematics ------------------ None Fabricated ------------ Nothing Alien Tech Used ----------------- None Achievements -------------- None Challenges ------------ None Game ------ Seed ShockBiocellMultitool Manual? 0 Play Time 00:34:17 Cumulative 52.0 hours Start 2024.05.26 @ 15:36:06 End 2024.05.26 @ 19:11:18 Sessions 3 Manual Loads 0 Difficulty Adventurer Special Mode None Game No. 66 Rogue 0 Adventurer 61 Explorer 5 Win Type - Total 1 Types 1/0/0/0/0/0/0/0/0 Lore% 29 Gallery% 45 Achievement% 34 Wizard Run 0 Options --------- Layout 1 ASCII 0 Keyboard 0 Movement Arrows Keybinds 0 Fullscreen 2 Font 24/Terminus Map View 50x35 Zoom Use 0% Tactical HUD 1 Map Filters NONE Filters NONE Steam 1 RUN: 70ef2ec9-07ae-43e4-89f9-2ae5b6f9d203